 Dungeon Crawl Stone Soup version 0.17.1-1-g73c8601 (webtiles) character file.

835 tof the Conjurer (level 7, -7/47 HPs)
             Began as a High Elf Conjurer on Dec 13, 2015.
             Killed by divine providence
             ... invoked by a smoke demon
              (9 damage)
             ... on level 1 of the Abyss.
             The game lasted 00:35:47 (5719 turns).

tof the Conjurer (High Elf Conjurer)                Turns: 5719, Time: 00:35:48

Health: -7/47      AC:  4    Str:  9    XL:     7   Next: 66%
Magic:  20/24      EV: 14    Int: 20    God:
Gold:   175        SH:  0    Dex: 16    Spells: 2 memorised, 12 levels left

rFire  . . .     SeeInvis .     r - -3 dagger (curse)
rCold  . . .     Clarity  .     a - +1 robe
rNeg   . . .     SustAt   .     (no shield)
rPois  .         Gourm    .     (no helmet)
rElec  .         Spirit   .     (no cloak)
rCorr  .         Warding  .     p - +0 pair of gloves
rMut   .         Stasis   .     (no boots)
MR     .....                    (no amulet)
Stlth  ++........               i - +3 ring of intelligence
                                f - ring of magical power

@: not resistant to hostile enchantments, unstealthy
A: dopey 1, sense surroundings 1, robust 1
a: no special abilities


You were on level 1 of the Abyss.
You were not hungry.

You visited 1 branch of the dungeon, and saw 4 of its levels.
You visited the Abyss 1 time.

You collected 175 gold pieces.

Inventory:

Hand Weapons
 e - a +0 dagger
 q - a +3 dagger of flaming
 r - a cursed -3 dagger (weapon)
 v - a +4 dagger of draining
Armour
 a - a +1 robe (worn)
 h - a +1 robe of magic resistance
 j - a +0 shield
 k - a +2 scale mail of magic resistance
 p - a +0 pair of gloves (worn)
Jewellery
 f - a ring of magical power (left hand)
 i - a +3 ring of intelligence (right hand)
Wands
 s - a wand of paralysis (0)
 u - a wand of disintegration (6)
Scrolls
 l - 2 scrolls of identify
Potions
 o - a potion of degeneration {unknown}
 w - a potion of cure mutation {unknown}
Books
 b - a book of Conjurations

   Spells                             Type                      Level
   a - Magic Dart                     Conjuration                  1
   b - Searing Ray                    Conjuration                  2
   c - Dazzling Spray                 Conjuration/Hexes            3
   d - Fulminant Prism                Conjuration/Hexes            4
   e - Iskenderun's Mystic Blast      Conjuration                  4
   f - Iskenderun's Battlesphere      Conjuration/Charms           5
 n - a book of Minor Magic

   Spells                             Type                      Level
   a - Magic Dart                     Conjuration                  1
   b - Blink                          Translocation                2
   c - Call Imp                       Summoning                    2
   d - Repel Missiles                 Charms/Air                   2
   e - Slow                           Hexes                        2
   f - Conjure Flame                  Conjuration/Fire             3
   g - Mephitic Cloud                 Conjuration/Poison/Air       3
Comestibles
 c - 2 bread rations
 d - a beef jerky
 g - 2 fruits
 m - 3 meat rations
 t - a chunk of flesh


   Skills:
 + Level 1.3 Fighting
 * Level 4.3 Short Blades
 + Level 2.2 Armour
 + Level 4.2 Dodging
 + Level 3.3 Stealth
 + Level 0.2 Unarmed Combat
 + Level 4.8 Spellcasting
 + Level 6.3 Conjurations


You had 12 spell levels left.
You knew the following spells:

 Your Spells              Type           Power        Failure   Level  Hunger
a - Magic Dart            Conj           ####         1%          1    None
b - Searing Ray           Conj           ####..       1%          2    #......


Dungeon Overview and Level Annotations

Branches:
Dungeon (4/15)
 Temple: D:4-7

Altars:
Ashenzari
Sif Muna


Innate Abilities, Weirdness & Mutations

You are dopey. (Int -2)
You passively map a small area around you.
You are robust (+10% HP).


Message History

Press: ? - help, Shift-Dir - straight line, f - hellwing
Aim: a hellwing (corpse armoured)
The searing ray hits the hellwing.
The hornet buzzes angrily.
The large abomination closely misses you.
The hellwing hits you!
The hellwing hits you but does no damage.
The rakshasa closely misses you.
The searing ray misses the hellwing.
The large abomination closely misses you.
The hellwing hits you. x2
A smoke demon comes into view.
The searing ray hits the hellwing.
The smoke demon roars!
The large abomination misses you.
The rakshasa hits you with a long sword!!
* * * LOW HITPOINT WARNING * * *
The smoke demon gestures at you. Something smites you!
You die...

.# ##. ## ## ..
#.. .. #.##.#
.#....# .3....#
## ####...# #..
#..4..# . .#
#.@#.##.#... #
#RX#4.X##.# #
#.XX.#....##
#..#y.......#.#
...###.#....#
.#. .....##.#
#.#. .##.## # .
####...# .. #.
. ###


You could see a rakshasa, 3 large abominations, a hellwing, a hornet and a smoke
demon.

Vanquished Creatures
  Pikel (D:3)
  A slave (D:4)
  A hound (D:3)
  An orc priest (D:3)
  An orc wizard (D:3)
  Jessica (D:3)
  Terence (D:3)
  Natasha (thrice) (D:3)
  A worker ant (D:4)
  A gnoll (D:4)
  A shadow imp (D:3)
  7 adders
  A white imp (Abyss:1)
  An ooze (D:1)
  An adder skeleton (D:4)
  2 worms (D:2)
  7 orcs
  13 hobgoblins
  2 jackals (D:3)
  8 kobolds
  2 quokkas (D:3)
  3 ball pythons
  11 bats
  3 giant cockroaches
  A giant gecko (D:3)
  4 giant newts
  7 goblins
  8 rats
94 creatures vanquished.

Vanquished Creatures (others)
  A gnoll (D:4)
  A goblin (D:4)
  A hobgoblin (D:3)
3 creatures vanquished.

Grand Total: 97 creatures vanquished

Notes
Turn   | Place    | Note
--------------------------------------------------------------
     0 | D:1      | tof the High Elf Conjurer began the quest for the Orb.
     0 | D:1      | Reached XP level 1. HP: 11/11 MP: 4/4
   182 | D:1      | Reached XP level 2. HP: 17/17 MP: 2/6
   787 | D:1      | Reached skill level 5 in Conjurations
  1102 | D:1      | Found a shattered altar of Ashenzari.
  1270 | D:2      | Reached XP level 3. HP: 16/21 MP: 8/8
  1562 | D:2      | Learned a level 2 spell: Searing Ray
  1857 | D:2      | Reached skill level 1 in Short Blades
  2168 | D:2      | Reached XP level 4. HP: 27/27 MP: 9/9
  2616 | D:3      | Noticed Terence
  2621 | D:3      | Killed Terence
  2715 | D:3      | Gained mutation: You are robust (+10% HP). [potion of mutation]
  2715 | D:3      | Gained mutation: You are dopey. (Int -2) [potion of mutation]
  2715 | D:3      | Gained mutation: You passively map a small area around you. [potion of mutation]
  2879 | D:3      | Noticed Natasha
  2891 | D:3      | Killed Natasha
  2891 | D:3      | Reached skill level 1 in Fighting
  2891 | D:3      | Reached XP level 5. HP: 24/36 MP: 7/11
  3040 | D:3      | Found a deep blue altar of Sif Muna.
  3121 | D:3      | Noticed Natasha
  3136 | D:3      | Killed Natasha
  3500 | D:3      | Noticed Natasha
  3510 | D:3      | Killed Natasha
  3532 | D:3      | Reached XP level 6. HP: 10/41 MP: 12/12
  3840 | D:3      | Noticed Jessica
  3862 | D:3      | Killed Jessica
  4619 | D:4      | HP: 2/41 [orc/stone (2)]
  4951 | D:4      | Reached skill level 1 in Armour
  5049 | D:4      | Noticed Pikel
  5225 | D:4      | Paralysed by Pikel for 2 turns
  5242 | D:3      | Killed Pikel
  5242 | D:3      | Reached skill level 6 in Conjurations
  5242 | D:3      | Reached XP level 7. HP: 9/47 MP: 1/15
  5558 | D:4      | Cast into the Abyss (orc wizard)
  5605 | Abyss:1  | Noticed an apocalypse crab
  5626 | Abyss:1  | Noticed a hellwing
  5698 | Abyss:1  | Noticed a rakshasa
  5704 | Abyss:1  | Noticed a large abomination
  5704 | Abyss:1  | Noticed a hellwing
  5705 | Abyss:1  | Noticed a hellwing
  5705 | Abyss:1  | Noticed a large abomination
  5710 | Abyss:1  | Noticed a hellwing
  5717 | Abyss:1  | Noticed a hornet
  5719 | Abyss:1  | Noticed a smoke demon
  5719 | Abyss:1  | HP: 2/47 [rakshasa/long sword (19)]
  5719 | Abyss:1  | Killed from afar by a smoke demon

Action                   |  1- 3 |  4- 6 |  7- 9 || total
-------------------------+-------+-------+-------++-------
Melee: Unarmed           |     2 |       |       ||     2
       Dagger            |    76 |    94 |    20 ||   190
 Cast: Magic Dart        |    34 |    25 |       ||    59
       Searing Ray       |     5 |    39 |     4 ||    48
  Use: Scroll            |     3 |     2 |     1 ||     6
       Potion            |     2 |     3 |       ||     5
 Stab: Sleeping          |     4 |     1 |       ||     5
       Distracted        |       |       |     2 ||     2
  Eat: Chunk             |     4 |    10 |     1 ||    15
       Fruit             |       |     1 |     1 ||     2
